 Dungeon Crawl Stone Soup version 0.19.5 (webtiles) character file.

302 uberloutre the Ducker (level 6, 0/28 HPs)
             Began as a Felid Monk on Mar 4, 2017.
             Slain by an orc
             ... wielding a +0 club
              (4 damage)
             ... on level 3 of the Dungeon.
             The game lasted 00:28:06 (5315 turns).

uberloutre the Ducker (Felid Monk)                  Turns: 5315, Time: 00:28:07

Health: 0/28       AC:  2    Str:  5 (7)  XL:     6   Next: 14%
Magic:  7/7        EV: 22    Int: 10 (12) God:
Gold:   127        SH:  0    Dex: 18 (20) Spells: 0 memorised, 5 levels left
                                        Lives:  0   Deaths: 1

rFire  . . .     SeeInvis +       - Unarmed
rCold  . . .     Gourm    .     (armour unavailable)
rNeg   . . .     Faith    .     (shield unavailable)
rPois  .         Spirit   .     (helmet unavailable)
rElec  .         Reflect  .     (cloak unavailable)
rCorr  .         Harm     .     (gloves unavailable)
MR     .....                    (boots unavailable)
Stlth  ++++......               (no amulet)
                                (no ring)
                                (no ring)

@: slowed, slow
A: no armour, no weapons or thrown items, stealth, claws 1, fangs 3, see
invisible, carnivore 3, speed 1, shaggy fur 2, slow metabolism 1, sharp paws
a: no special abilities


You were on level 3 of the Dungeon.
You were very full.

You visited 1 branch of the dungeon, and saw 5 of its levels.

You collected 127 gold pieces.

Inventory:

Jewellery
 i - an uncursed amulet of rage {unknown}
Wands
 e - a wand of polymorph (0/24)
Scrolls
 f - a scroll of remove curse {unknown}
 k - a scroll of teleportation {unknown}
Potions
 c - a potion of brilliance
 d - a potion of cancellation {unknown}
 g - 2 potions of agility {unknown}
Comestibles
 a - 3 meat rations
 b - a beef jerky
 j - 2 chunks of flesh


   Skills:
 + Level 3.8 Fighting
 * Level 5.9 Dodging
 * Level 5.0 Stealth
 + Level 5.6 Unarmed Combat


You had 5 spell levels left.
You didn't know any spells.

Dungeon Overview and Level Annotations

Branches:
Dungeon (5/15)
 Temple: D:4-7

Altars:
Dithmenos
Fedhas
Kikubaaqudgha
Yredelemnul

Shops:
D:4 (


Innate Abilities, Weirdness & Mutations

You cannot wear armour.
You are incapable of wielding weapons or throwing items.
Your paws allow you to move quietly. (Stealth)
You have sharp claws.
You have razor-sharp teeth.
You have supernaturally acute eyesight. (SInv)
You are carnivorous and can eat meat at any time.
You cover ground quickly.
You are covered in thick fur. (AC +2)
You have a slow metabolism.
Your sharp claws are effective at attacking unaware monsters.


Message History

The worker ant closely misses you.
There is a stone staircase leading up here.
You can't go down here!
The orc wizard casts a spell.
The orc wizard blinks!
The worker ant misses you.
The orc wizard hits you but does no damage.
The orc completely misses you. The worker ant closely misses you.
You climb upwards.
There is a stone staircase leading down here.
It was a potion of degeneration.
There was something very wrong with that liquid.
You feel weakened.
You feel dopey.
You feel clumsy. The orc wizard misses you.
The orc wizard gestures wildly while chanting.
The orc wizard blinks!
The orc misses you. The worker ant misses you.
You can't go up here!
The orc wizard mumbles some strange words.
The orc wizard blinks!
The worker ant closely misses you. The orc hits you with a club.
You die...

#........### #.#..###.(.#
###### #.##.#.....#
#....# #.##.#.###.### ##
#....###.##...#.....####.
#....'........#.###....+.
#....###..##....#.....##.
###'####..##.#..#.###.##.
#ยง...a@.........#......
######oo.....#..#...##.
#########....####.
############)#### #.
#.........##.#######.
#.................##.
#.................##.
#.................##.
#.........##'#######.


You could see a worker ant, an orc wizard and an orc.

Vanquished Creatures
  An orc warrior (D:4)
  An orc wizard (D:4)
  Natasha (thrice) (D:2)
  Terence (D:2)
  Robin (D:2)
  5 gnolls
  7 adders
  An ooze (D:4)
  3 worms (D:3)
  2 dart slugs
  2 leopard geckos
  5 orcs (D:4)
  6 giant cockroaches
  17 goblins
  7 hobgoblins
  3 jackals (D:2)
  5 quokkas
  A ball python (D:1)
  5 bats
  3 frilled lizards
  6 kobolds
  2 rats
87 creatures vanquished.

Notes
Turn   | Place    | Note
-------+----------+-------------------------------------------
     0 | D:1      | uberloutre the Felid Monk began the quest for the Orb.
     0 | D:1      | Reached XP level 1. HP: 10/10 MP: 2/2
   501 | D:1      | Reached XP level 2. HP: 1/14 MP: 3/3
  1274 | D:2      | Noticed Terence
  1283 | D:2      | Killed Terence
  1283 | D:2      | Reached XP level 3. HP: 15/17 MP: 4/4
  1538 | D:2      | Noticed Natasha
  1577 | D:2      | Killed Natasha
  1577 | D:2      | Reached XP level 4. HP: 21/21 MP: 5/5
  1690 | D:2      | Noticed Natasha
  1703 | D:2      | Killed Natasha
  1792 | D:2      | Noticed Natasha
  1939 | D:2      | Killed Natasha
  1939 | D:2      | Reached XP level 5. HP: 8/24 MP: 6/6
  2150 | D:2      | Noticed Robin
  2536 | D:2      | Killed Robin
  2536 | D:2      | Reached skill level 5 in Dodging
  2957 | D:3      | Reached skill level 5 in Unarmed Combat
  3389 | D:3      | Noticed an ogre
  3550 | D:3      | an ogre changed into a worm
  3929 | D:3      | Gained mutation: You are covered in thick fur. (AC +2) [Felid growth]
  3929 | D:3      | Reached XP level 6. HP: 6/28 MP: 7/7
  4420 | D:5      | Entered Level 5 of the Dungeon
  4915 | D:5      | Noticed a golden eye
  4915 | D:5      | an ogre changed into a golden eye
  4931 | D:4      | Slain by a gnoll
  4932 | D:4      | Reached XP level 5. HP: 0/24 MP: 6/6
  4932 | D:4      | Found Fenif's Weapon Shoppe.
  4998 | D:4      | Noticed an ogre
  5221 | D:4      | Found a basalt altar of Yredelemnul.
  5222 | D:4      | Found an ancient bone altar of Kikubaaqudgha.
  5225 | D:4      | Found a blossoming altar of Fedhas.
  5287 | D:4      | Noticed an orc warrior
  5293 | D:4      | Killed an orc warrior
  5293 | D:4      | Reached skill level 5 in Stealth
  5293 | D:4      | Reached XP level 6. HP: 28/28 MP: 7/7
  5296 | D:4      | Found a shadowy altar of Dithmenos.
  5315 | D:3      | Slain by an orc

Skill      XL: |  1  2  3  4  5 |
---------------+----------------+-----
Stealth        | 3 4 5 |  5.0
Unarmed Combat | 4 5 |  5.6
Dodging        | 5 |  5.9
Fighting       | |  3.8

Action                   |  1- 3 |  4- 6 || total
-------------------------+-------+-------++-------
Melee: Unarmed           |    64 |   264 ||   328
       Bite              |     7 |    27 ||    34
       Punch             |       |     6 ||     6
Evoke: Wand              |       |     5 ||     5
  Use: Scroll            |     1 |     1 ||     2
       Potion            |     1 |     1 ||     2
 Stab: Sleeping          |     6 |     6 ||    12
       Distracted        |       |     1 ||     1
  Eat: Chunk             |     8 |    11 ||    19
Armor: Skin              |     2 |    12 ||    14
Dodge: Dodged            |    49 |   240 ||   289
